 Dungeon Sprint DCSS version 0.31-a0-879-g1609e0ac53 (webtiles) character file.

Game seed: 1527412512502425138

459 sircluck the Grappler (level 6, -5/106 HPs)
             Began as a Troll Berserker on Oct 14, 2023.
             Was a Believer of Trog.
             Slain by a centaur warrior (11 damage)
             ... in the Dungeon (Sprint I: "Red Sonja").
             The game lasted 00:00:48 (193 turns).

sircluck the Grappler (Troll Berserker)              Turns: 193, Time: 00:00:49

Health: -5/106     AC:  4    Str: 28    XL:     6   Next: 78%
Magic:  5/5        EV: 11    Int:  3    God:    Trog [**....]
Gold:   162        SH:  0    Dex:  9    Spells: 5/5 levels left

rFire   . .          .
                       - Unarmed
rCold   . . .        (no shield)
rNeg    . . .        a - +0 animal skin
rPois   .            (helmet restricted)
rElec   .            (no cloak)
rCorr   .            (gloves unavailable)
SInv    .            (boots unavailable)
Will    .....        (no amulet) Stlth
                     (no ring)
HPRegen 1.17/turn    (no ring)
MPRegen 0.09/turn

%: no teleportation
@: berserking (expiring), very quick
A: large, unfitting armour, claws 3, regeneration 1, shaggy fur 1, tough skin 1
a: Renounce Religion, Berserk, Trog's Hand


You were in the Dungeon.
You worshipped Trog.
Trog was pleased with you.
You visited 1 branch You collected 162 gold pieces.

Inventory:

Missiles
 i - 9 stones
Armour
 a - a +0 animal skin (worn)
Wands
 h - a wand of mindburst (5)
Scrolls
 g - a scroll of blinking
Potions
 b - a potion of curing
 c - a potion of heal wounds
 d - a potion of haste
 e - 2 potions of magic
 f - a potion of berserk rage


   Skills:
 + Level 7.6 Fighting
 + Level 7.5 Dodging
 + Level 9.0 Unarmed Combat


You had 5 spell levels left.
You didn't know any spells.
Your spell library was empty.

Dungeon Overview and Level Annotations

Branches:
Dungeon (1/1)

Altars:
Makhleb
Sif Muna
Vehumet
Wu Jian
Xom
Jiyva
Lugonu


Innate Abilities, Weirdness & Mutations

You are too large for most types of armour.
You have claws for hands.
Your natural rate of healing is unusually fast.
You are covered in fur. (AC +1)
You have tough skin. (AC +1)


Message History

The centaur warrior wields a +0 orcbow.
The centaur warrior shoots an arrow.
The arrow hits you!
The centaur warrior shoots an arrow.
The arrow barely misses you.
You feel a strong urge to attack something.
The centaur warrior unwields a +0 orcbow.
The centaur warrior hits you!
The centaur warrior kicks you but does no damage.
The centaur warrior unwields a +0 shortbow.
The centaur warrior hits you!
* * * LOW HITPOINT WARNING * * *
The centaur warrior closely misses you.
Found 8 gold pieces and 2 potions of curing.
There is an open door, spattered with blood here.
Unknown command.
Unknown command.
You scratch the centaur warrior.
The centaur warrior is lightly wounded.
The centaur warrior hits you.
* * * LOW HITPOINT WARNING * * *
The centaur warrior kicks you.
* * * LOW HITPOINT WARNING * * *
You claw the centaur warrior!
The centaur warrior is moderately wounded.
The centaur warrior hits you.
* * * LOW HITPOINT WARNING * * *
The centaur warrior kicks you but does no damage.
The centaur warrior closely misses you. The centaur warrior kicks you.
* * * LOW HITPOINT WARNING * * *
You claw the centaur warrior!
The centaur warrior is moderately wounded.
The centaur warrior hits you!
* * * LOW HITPOINT WARNING * * *
The centaur warrior kicks you.
* * * LOW HITPOINT WARNING * * *
Unknown command.
Unknown command.
You mangle the centaur warrior!!
The centaur warrior is severely wounded.
The centaur warrior hits you!
You die...

###################
#<.#..)..#..'..#__#
#..').#..').#..'..+
#..#####'#####'#__#
## #..# #..#
#.####$!# #..# ####
##.#c§§..# #..#
#_.@c§§§.+ #⌠⌠#
+§§§§#~§§§§# ####
#_§#+##+#### ##+


You could see 2 centaur warriors.

Vanquished Creatures
  A slime creature (D)
  Sigmund (D)
  An ogre (D)
  A jelly (D)
  Ijyb (D)
5 creatures vanquished.

Notes
Turn   | Place    | Note
-------+----------+-------------------------------------------
     0 | D        | sircluck the Troll Berserker began the quest for the Orb.
     0 | D        | Reached XP level 1. HP: 22/22 MP: 0/0
     1 | D        | Noticed Ijyb
    11 | D        | Killed Ijyb
    12 | D        | Reached skill level 4 in Unarmed Combat
    12 | D        | Reached XP level 2. HP: 18/31 MP: 1/1
    40 | D        | Noticed an ogre
    43 | D        | Killed an ogre
    44 | D        | Reached skill level 5 in Fighting
    44 | D        | Reached skill level 5 in Dodging
    44 | D        | Reached skill level 6 in Unarmed Combat
    44 | D        | Reached XP level 3. HP: 42/42 MP: 2/2
    44 | D        | Reached XP level 4. HP: 50/50 MP: 3/3
    95 | D        | Noticed Sigmund
   122 | D        | Killed Sigmund
   122 | D        | Reached ** piety under Trog
   123 | D        | Reached skill level 7 in Unarmed Combat
   123 | D        | Reached XP level 5. HP: 27/61 MP: 4/4
   166 | D        | Found an ornate altar of the Wu Jian Council.
   166 | D        | Found a shimmering blue altar of Sif Muna.
   167 | D        | Found a burning altar of Makhleb.
   167 | D        | Found a viscous altar of Jiyva.
   167 | D        | Found a shimmering altar of Xom.
   167 | D        | Found a corrupted altar of Lugonu.
   167 | D        | Noticed a slime creature
   173 | D        | Killed a slime creature
   174 | D        | Reached skill level 8 in Unarmed Combat
   174 | D        | Reached XP level 6. HP: 63/71 MP: 5/5
   176 | D        | Reached skill level 9 in Unarmed Combat
   176 | D        | Found a radiant altar of Vehumet.
   184 | D        | Noticed a centaur warrior
   184 | D        | Noticed a centaur warrior
   192 | D        | HP: 5/106 [centaur warrior (1)]
   193 | D        | Slain by a centaur warrior

Illustrated notes

Levels and vault maps discovered:
D:        dungeon_sprint_1 [red_sonja_temple_1, red_sonja_temple_small_1]

Skill      XL: |  1  2  3  4  5  6 |
---------------+-------------------+-----
Fighting       | 3 5 6 7 |  7.6
Dodging        | 3 5 6 7 |  7.5
Unarmed Combat | 4 6 7 8 9 |  9.0

Action                     |  1- 3 |  4- 6 || total
---------------------------+-------+-------++-------
  Melee: Unarmed           |     9 |    20 ||    29
 Invoke: Berserk           |     2 |     1 ||     3
 Armour: Animal skin       |     3 |    29 ||    32
  Dodge: Dodged            |     2 |     8 ||    10

Table legend: (Time is in decaauts)
 A = Elapsed time spent in this place.
 B = Non-inter-level travel time spent in this place.
 C = Inter-level travel time spent in this place.
 D = Time resting spent in this place.
 E = Time spent auto-exploring this place.
 F = Levels seen in this place.
 G = Mean time per level.
                   A        B        C        D        E       F      G
               +--------+--------+--------+--------+--------+-----+--------+
         Total |    202 |    202 |      0 |     81 |     61 |   1 |  202.0 |
       Dungeon |    202 |    202 |      0 |     81 |     61 |   1 |  202.0 |
               +--------+--------+--------+--------+--------+-----+--------+

Top non-repeatable levels by time:
       D: 202 daAuts
